 Dungeon Crawl Stone Soup version 0.19.1 (webtiles) character file.

114 Kailar the Gusty (level 4, 0/24 HPs)
             Began as a Tengu Air Elementalist on Nov 28, 2016.
             Killed from afar by Natasha (3 damage)
             ... with a magic dart
             ... on level 3 of the Dungeon.
             The game lasted 00:19:31 (1504 turns).

Kailar the Gusty (Tengu Air Elementalist)           Turns: 1504, Time: 00:19:32

Health: 0/24       AC:  5    Str:  9    XL:     4   Next: 97%
Magic:  6/9        EV: 12    Int: 16    God:
Gold:   62         SH:  0    Dex: 14    Spells: 2 memorised, 5 levels left

rFire  . . .     SeeInvis .     f - +2 hand axe (freeze)
rCold  . . .     Gourm    .     o - +2 robe {Archmagi}
rNeg   . . .     Faith    .     (no shield)
rPois  .         Spirit   .     (helmet restricted)
rElec  .         Reflect  .     (no cloak)
rCorr  .         Harm     .     j - +0 pair of gloves
MR     .....                    (boots unavailable)
Stlth  ++........               (no amulet)
                                (no ring)
                                (no ring)

@: sluggish, slowed, very slow
A: beak, talons 3
a: no special abilities


You were on level 3 of the Dungeon.
You were hungry.

You visited 1 branch of the dungeon, and saw 3 of its levels.

You collected 62 gold pieces.

Inventory:

Hand Weapons
 d - a +0 dagger
 f - a +2 hand axe of freezing (weapon)
Missiles
 h - 88 stones (quivered)
 n - 22 sling bullets
 q - 16 arrows
Armour
 a - a +0 robe
 j - a +0 pair of gloves (worn)
 o - a +2 robe of the Archmagi (worn)
Wands
 l - a wand of acid (7/15)
Scrolls
 m - a scroll of remove curse
Potions
 i - 2 potions of lignification {unknown}
 k - 2 potions of magic
 r - 2 potions of degeneration {unknown}
Books
 b - a book of Air

   Spells                             Type                      Level
   a - Shock                          Conjuration/Air              1
   b - Swiftness                      Charms/Air                   2
   c - Repel Missiles                 Charms/Air                   2
   d - Static Discharge               Conjuration/Air              3
   e - Lightning Bolt                 Conjuration/Air              5
Comestibles
 c - 3 bread rations


   Skills:
 - Level 0.2 Fighting
 - Level 1.0 Axes
 - Level 0.2 Throwing
 - Level 2.1 Dodging
 - Level 2.0 Stealth
 + Level 2.6 Spellcasting
 * Level 3.1 Conjurations
 - Level 0.1 Charms
 + Level 5.5 Air Magic


You had 5 spell levels left.
You knew the following spells:

 Your Spells              Type           Power        Failure   Level  Hunger
a - Shock                 Conj/Air       ###.         3%          1    #......
b - Swiftness             Chrm/Air       ###.....     10%         2    ##.....


Dungeon Overview and Level Annotations

Branches:
Dungeon (3/15)

Altars:

Annotations:
D:3 Natasha, Sigmund


Innate Abilities, Weirdness & Mutations

You have a beak for a mouth.
You have claws for feet.


Message History

Your surroundings suddenly seem different.
Found an agate ring, 3 scrolls of identify and a meat ration.
Natasha, Servant of Life and Death comes into view.
Natasha hisses angrily.
You see here an agate ring.
Casting: Shock
Confirm with . or Enter, or press ? or * to list all spells.
You feel a surge of power!
You feel quick. Natasha casts a spell at you.
You feel yourself slow down.
Natasha stares at you and mumbles some strange words.
The magic dart hits you!
* * * LOW HITPOINT WARNING * * *
You start to feel a little slower.
Natasha extends her claws.
A frilled lizard comes into view.
You feel sluggish. Natasha casts a spell at you. The magic dart hits you!
You die...

#........# #.#...#..#
#..##.=# #.#..##..#
#........# #.##.#.###
##.##.#h#######.
...............l
#...##.@########.....
#.......# ##....# %.
#.......# ##...#.##.#
#.###...# #..........
# ....# ###.........#
##...# #......$..#.#
#...####....[.......
#........$.†)....# #
##.##.....##.###


You could see Natasha.

Vanquished Creatures
  Jessica (D:2)
  3 adders (D:2)
  An ooze (D:1)
  3 dart slugs (D:1)
  A leopard gecko (D:1)
  2 giant cockroaches (D:1)
  11 goblins
  4 hobgoblins
  3 jackals (D:1)
  2 kobolds
  2 ball pythons (D:2)
  6 bats
  4 frilled lizards
  5 rats
48 creatures vanquished.

Notes
Turn   | Place    | Note
-------+----------+-------------------------------------------
     0 | D:1      | Kailar the Tengu Air Elementalist began the quest for the Orb.
     0 | D:1      | Reached XP level 1. HP: 10/10 MP: 4/4
   175 | D:1      | Reached XP level 2. HP: 15/15 MP: 1/6
   187 | D:1      | Learned a level 2 spell: Swiftness
   230 | D:1      | Reached skill level 5 in Air Magic
   287 | D:1      | Reached XP level 3. HP: 14/19 MP: 5/7
   934 | D:2      | Reached XP level 4. HP: 15/24 MP: 4/8
   976 | D:2      | Noticed Jessica
   979 | D:2      | Killed Jessica
   979 | D:2      | Reached skill level 1 in Axes
  1457 | D:3      | Noticed Sigmund
  1487 | D:3      | Noticed Natasha
  1504 | D:3      | Killed from afar by Natasha

Skill      XL: |  1  2  3  4 |
---------------+-------------+-----
Conjurations   | 2 3 |  3.1
Air Magic      | 5 |  5.5
Axes           | 1 |  1.0
Fighting       | |  0.2
Throwing       | |  0.2
Dodging        | |  2.1
Stealth        | |  2.0
Spellcasting   | |  2.6
Charms         | |  0.1

Action                   |  1- 3 |  4- 6 || total
-------------------------+-------+-------++-------
Melee: Hand axe          |    29 |     2 ||    31
       Kick              |     5 |     1 ||     6
       Peck              |     4 |     1 ||     5
Throw: Stone             |     9 |     3 ||    12
 Cast: Shock             |    42 |    22 ||    64
       Swiftness         |     2 |     1 ||     3
  Use: Scroll            |     2 |     4 ||     6
  Eat: Chunk             |     1 |     1 ||     2
Armor: Robe              |     7 |       ||     7
Dodge: Dodged            |    25 |     3 ||    28
